Map: Mech Depot LE

Players

Jason - Winner!

  • Race: Terran Terran
  • League: Grandmaster
  • Spawn Location: 7:00

Rob

  • Race: Protoss Protoss
  • League: Grandmaster
  • Spawn Location: 1:00

VOD

Have the link to the VOD?

Description

Time

  • Played on: May 14, 2019, 12:59 p.m.
  • Length: 9:32
Show
View Real Time Build Order
Export as new Build Order

Jason Terran - Winner!

Build Orders: Gas First Reaper Expand 

Get SALT Encoding   

  12  0:00  SCV  
  13  0:13  SCV  
  14  0:18  Supply Depot  
  14  0:25  SCV  
  15  0:29  Refinery  
  15  0:40  SCV  
  16  0:45  Barracks  
  16  0:52  SCV  
  18  1:04  SCV  
  18  1:16  SCV  
  19  1:33  Orbital Command  
  19  1:34  Reaper  
  20  1:47  Command Center  
  20  2:01  Factory  
  20  2:03  SCV  
  20  2:07  Barracks Reactor  
  21  2:17  SCV  
  21  2:22  Supply Depot  
  22  2:24  Refinery  
  22  2:29  SCV  
  23  2:44  SCV  
  24  2:46  Starport  
  24  2:51  Hellion x2  
  24  2:53  Barracks Tech Lab  
  24  2:56  SCV  
  29  3:02  Orbital Command  
  29  3:14  Hellion  
  29  3:15  Hellion  
  29  3:19  SCV  
  34  3:24  Medivac  
  36  3:28  SCV  
  36  3:31  SCV  
  37  3:44  SCV x2  
  37  3:45  Marine  
  37  3:46  Marine  
  41  3:49  Cyclone  
  41  3:50  Bunker  
  41  3:54  Viking  
  46  4:00  Supply Depot  
  46  4:12  SCV  
  46  4:14  Marine  
  46  4:22  SCV, Marine  
  49  4:24  SCV  
  49  4:29  Siege Tank  
  52  4:34  SCV  
  52  4:36  SCV  
  52  4:37  Marine  
  53  4:42  Engineering Bay  
  49  4:46  SCV  
  49  4:48  SCV  
  51  4:57  Marine x2  
  51  4:58  SCV  
  50  5:00  SCV  
  50  5:03  Barracks  
  51  5:08  Missile Turret  
  51  5:10  Siege Tank  
  54  5:19  SCV x2, Marine x2  
  58  5:23  Barracks  
  58  5:24  Refinery  
  58  5:32  SCV x2  
  58  5:35  Terran Infantry Weapons Level 1  
  60  5:37  Marine x2  
  60  5:40  Supply Depot  
  62  5:49  Supply Depot  
  62  5:50  SCV x2, Siege Tank  
  62  5:51  Missile Turret  
  62  5:55  Marine x2  
  69  5:57  Barracks Tech Lab  
  69  5:58  Starport Reactor  
  69  6:02  SCV  
  70  6:09  SCV  
  71  6:15  SCV, Supply Depot  
  71  6:16  Marine x2  
  71  6:17  Stimpack, Barracks Tech Lab  
  74  6:21  Marauder, SCV  
  77  6:27  SCV  
  78  6:34  SCV, Barracks  
  78  6:35  Barracks  
  78  6:37  Factory Reactor  
  78  6:39  Combat Shield  
  79  6:40  SCV  
  79  6:45  Marine x2  
  79  6:46  SCV, Marauder  
  79  6:47  Marauder, Refinery  
  87  6:53  Supply Depot  
  87  6:56  Medivac x2  
  87  6:57  SCV  
  87  6:58  SCV  
  93  7:04  Marine  
  94  7:09  Supply Depot  
  94  7:14  SCV, Marine  
  94  7:15  Marauder  
  98  7:17  Supply Depot  
  98  7:18  Supply Depot  
  98  7:20  Marine  
  98  7:22  SCV  
  100  7:26  SCV  
  101  7:30  Medivac  
  101  7:36  Marauder  
  105  7:37  Medivac  
  105  7:39  Marine  
  105  7:40  Barracks Tech Lab x2, Marine  
  105  7:43  Marine  
  110  7:45  SCV x2  
  112  7:57  Marauder, Marine x2  
  116  8:00  Medivac  
  116  8:01  Marauder  
  116  8:02  Marine  
  121  8:09  Marine  
  107  8:36  Marine  
  99  9:10  Marine  
Show
View Real Time Build Order
Export as new Build Order

Rob Protoss 

Build Orders: 1 Gate Expand, Colossus Rush 

Get SALT Encoding   

  12  0:00  Probe  
  13  0:12  Probe  
  14  0:17  Pylon  
  14  0:23  Probe  
  15  0:32  Probe  
  15  0:37  Gateway  
  15  0:40  Probe  
  16  0:46  Assimilator  
  17  0:51  Probe  
  18  1:03  Probe  
  19  1:15  Probe  
  20  1:23  Cybernetics Core  
  20  1:32  Nexus  
  20  1:39  Pylon  
  20  1:42  Probe  
  21  1:47  Assimilator  
  21  1:54  Probe, Adept  
  22  2:04  Warp Gate  
  24  2:09  Probe  
  24  2:15  Stalker  
  24  2:21  Probe  
  27  2:33  Probe  
  28  2:41  Probe  
  28  2:45  Probe  
  28  2:49  Probe  
  30  2:58  Probe x2  
  32  3:02  Stalker, Pylon  
  35  3:08  Shield Battery  
  35  3:10  Probe  
  35  3:11  Probe  
  37  3:20  Robotics Facility  
  37  3:22  Probe  
  37  3:23  Probe  
  40  3:34  Probe  
  40  3:35  Probe  
  41  3:46  Probe  
  41  3:47  Probe, Pylon  
  41  3:48  Gateway x2  
  43  3:49  Assimilator  
  43  3:51  Stalker, Assimilator  
  45  3:58  Probe  
  45  3:59  Probe  
  47  4:08  Robotics Bay, Warp Prism  
  49  4:11  Probe x2  
  48  4:19  Stalker  
  37  4:25  Probe x2  
  38  4:37  Probe x2  
  31  4:49  Probe x2  
  31  4:50  Colossus  
  33  5:01  Probe x2  
  35  5:12  Gravitic Drive  
  35  5:13  Probe x2  
  43  5:25  Probe x2  
  45  5:37  Probe x2, Disruptor  
  47  5:49  Probe x2  
  52  6:01  Probe  
  52  6:02  Probe  
  54  6:09  Disruptor  
  46  6:13  Probe  
  46  6:15  Probe  
  51  6:25  Probe  
  51  6:26  Robotics Facility  
  51  6:27  Probe  
  53  6:38  Probe  
  53  6:39  Probe  
  55  6:41  Disruptor  
  55  6:50  Probe  
  55  6:51  Probe  
  60  7:02  Probe  
  60  7:03  Probe  
  62  7:08  Twilight Council  
  62  7:10  Forge  
  62  7:21  Pylon  
  62  7:23  Pylon x2  
  62  7:37  Probe  
  60  7:38  Stalker, Disruptor  
  60  7:41  Gateway  
  60  7:42  Stalker x2, Gateway  
  69  8:00  Disruptor  
  72  8:09  Stalker x2  
  74  8:14  Disruptor  
  67  8:25  Zealot  
  69  8:29  Disruptor  
  69  8:33  Zealot x2  
  48  8:50  Stalker x3, Disruptor  
  43  9:10  Zealot x2  
Tags
 
Add a new tag
Caveats
  • Supply blocks, unpowered buildings, or Contaminate may cause inaccurate times.
  • Supply counts are checked every 10 seconds.